 Dungeon Crawl Stone Soup version 0.23.2 (webtiles) character file.

Game seed: 5472934321981989745

2219 Ivernyr the Conjurer (level 9, -3/46 HPs)
             Began as a Vine Stalker Wizard on Apr 4, 2019.
             Was an Initiate of Cheibriados.
             Slain by a two-headed ogre
             ... wielding a +0 giant club
              (13 damage)
             ... on level 7 of the Dungeon.
             The game lasted 00:31:45 (6363 turns).

Ivernyr the Conjurer (Vine Stalker Wizard)          Turns: 6363, Time: 00:31:46

Health: -3/46      AC:  5    Str: 10    XL:     9   Next: 35%
Magic:  0/28       EV: 13    Int: 22    God:    Cheibriados [......]
Gold:   416        SH:  0    Dex: 15    Spells: 11/20 levels left

rFire    . . .     SeeInvis +   h - +0 trident
rCold    + . .     Gourm    .   (no shield)
rNeg     . . .     Faith    .   a - +0 robe {rC+}
rPois    .         Spirit   +   i - +1 helmet
rElec    .         Reflect  .   B - +0 cloak {+Inv}
rCorr    .         Harm     .   (no gloves)
MR       +....                  (no boots)
Stlth    ++........             (no amulet)
HPRegen  0.55/turn              s - ring of magical power
MPRegen  0.21/turn              v - ring of see invisible

@: very slightly contaminated, very slow
A: fangs 3, regeneration 1, magic shield, antimagic bite, no potion heal 3, rot
immunity
a: Bend Time, Renounce Religion, Evoke Invisibility


You were on level 7 of the Dungeon.
You worshipped Cheibriados.
Cheibriados was noncommittal.
You were near starving.

You visited 2 branches of the dungeon, and saw 8 of its levels.

You collected 416 gold pieces.

Inventory:

Hand Weapons
 h - a +0 trident (weapon)
Armour
 a - a +0 robe of cold resistance (worn)
 i - a +1 helmet (worn)
 q - a +0 buckler
 B - a +0 cloak of invisibility (worn)
Jewellery
 s - a ring of magical power (left hand)
 v - a ring of see invisible (right hand)
Wands
 E - a wand of paralysis (8)
Scrolls
 c - 2 scrolls of enchant weapon {unknown}
 g - 5 scrolls of remove curse
 j - a scroll of amnesia {unknown}
 l - a scroll of enchant armour {unknown}
 o - 6 scrolls of identify {unknown}
 r - a scroll of magic mapping {unknown}
 t - a scroll of noise {unknown}
 u - 3 scrolls of teleportation {unknown}
 x - a scroll of fog {unknown}
 y - 2 scrolls of immolation {unknown}
 A - a scroll of torment {unknown}
 F - a scroll of fear {unknown}
Potions
 b - 4 potions of might {unknown}
 e - 5 potions of curing {unknown}
 f - 4 potions of degeneration {unknown}
 k - a potion of agility {unknown}
 m - a potion of lignification {unknown}
 n - 3 potions of heal wounds {unknown}
 w - 2 potions of resistance {unknown}
 z - 2 potions of flight {unknown}
 C - a potion of cancellation {unknown}
 D - a potion of brilliance {unknown}
Comestibles
 d - 21 rations


   Skills:
 + Level 4.7 Fighting
 - Level 2.4 Dodging
 - Level 2.4 Stealth
 + Level 4.2 Shields
 + Level 6.3 Spellcasting
 * Level 7.7 Conjurations
   Level 1.0 Summonings
 - Level 1.0 Translocations


You had 11 spell levels left.
You knew the following spells:

 Your Spells              Type           Power        Failure   Level  Hunger
a - Magic Dart            Conj           ####         1%          1    None
b - Blink                 Tloc           N/A          9%          2    None
c - Conjure Flame         Conj/Fire      ###.....     5%          3    #......
d - Mephitic Cloud        Conj/Pois/Air  ###.....     9%          3    #......

Your spell library contained the following spells:

 Spells                   Type           Power        Failure   Level  Hunger
 Call Imp                 Summ           ##......     9%          2    None
 Slow                     Hex            #.......     14%         2    None


Dungeon Overview and Level Annotations

Branches:
Dungeon (7/15)             Temple (1/1) D:6

Altars:
Ashenzari
Cheibriados
Dithmenos
Fedhas
Gozag
Hepliaklqana
Nemelex Xobeh
Ru
Sif Muna
Uskayaw
Xom
Zin


Innate Abilities, Weirdness & Mutations

You have razor-sharp teeth.
Your natural rate of healing is unusually fast.
When hurt, damage is shared between your health and your magic reserves.
Your bite disrupts and absorbs the magic of your enemies.
Potions cannot restore your health.
You are immune to rotting.


Message History

Press: ? - help, Shift-Dir - straight line, f/p - two-headed ogre
Aim: a two-headed ogre, wielding a +0 giant club and a +0 great mace (moderately wounded)
The ball explodes into a vile cloud!
The stinking cloud engulfs the two-headed ogre but does no damage.
The two-headed ogre is moderately wounded.
The two-headed ogre is engulfed in noxious fumes.
Really walk into that cloud of noxious fumes?
Okay, then.
Casting: Mephitic Cloud (safe; 9% risk of failure)
Confirm with . or Enter, or press ? or * to list all spells.
You don't know that spell.
Casting: Mephitic Cloud (safe; 9% risk of failure)
Confirm with . or Enter, or press ? or * to list all spells.
You miscast Blink.
You spin around.
The two-headed ogre hits you with a +0 giant club!!
Ouch! That really hurt!
The two-headed ogre hits you with a +0 great mace!
* * * LOW HITPOINT WARNING * * *
The two-headed ogre hits you with a +0 giant club!
You die...

.......#
#)#.#..#########
.......#
#...#.##
.....).# ##..#.#
.......#
#..#.########
....######
##.#.........#
.........#
#........##.#
.........#
#>.......'..#
.##......#
##.......##
.##....>.#
#.@O○○°.#
###......#
#....°○°#
########
#...○○.°###
#......°§.#
#########.###
#...# ###.# .#
)#


You could see a two-headed ogre.

Vanquished Creatures
  2 hungry ghosts (D:7)
  A sky beast (D:7)
  2 black bears
  A necrophage (D:6)
  3 phantoms
  3 ogres
  A centaur (D:6)
  3 bullfrogs
  4 scorpions
  4 hounds
  An orc wizard (D:7)
  A bullfrog skeleton (D:5)
  An iguana (D:5)
  2 worker ants
  2 killer bee zombies
  A hound skeleton (D:4)
  A worker ant zombie (D:6)
  6 gnolls
  9 adders
  3 oozes
  2 worms
  2 dart slugs (D:1)
  13 leopard geckos
  11 orcs
  3 ball pythons
  8 bats
  11 giant cockroaches
  5 goblins
  2 hobgoblins (D:1)
  11 jackals
  6 kobolds
  5 quokkas
  6 frilled lizards
  14 rats
150 creatures vanquished.

Notes
Turn   | Place    | Note
-------+----------+-------------------------------------------
     0 | D:1      | Ivernyr the Vine Stalker Wizard began the quest for the
                  | Orb.
     0 | D:1      | Reached XP level 1. HP: 9/9 MP: 5/5
   147 | D:1      | Reached XP level 2. HP: 14/14 MP: 2/7
   151 | D:1      | Learned a level 2 spell: Blink
   748 | D:1      | Reached XP level 3. HP: 17/17 MP: 9/9
   753 | D:1      | Learned a level 3 spell: Conjure Flame
   757 | D:1      | Learned a level 3 spell: Mephitic Cloud
   879 | D:1      | Reached skill level 2 in Conjurations
  1065 | D:2      | Reached skill level 1 in Fighting
  1410 | D:2      | Gained mutation: Your natural rate of healing is unusually
                  | fast. [Vine Stalker growth]
  1410 | D:2      | Reached XP level 4. HP: 22/22 MP: 8/10
  2098 | D:3      | Reached XP level 5. HP: 25/25 MP: 4/11
  2100 | D:3      | Reached skill level 3 in Conjurations
  2948 | D:4      | Reached XP level 6. HP: 30/30 MP: 13/13
  3022 | D:4      | Reached skill level 1 in Shields
  3465 | D:4      | Found a blossoming altar of Fedhas.
  3467 | D:4      | Found an ancient bone altar of Kikubaaqudgha.
  3467 | D:4      | Found a deep blue altar of Sif Muna.
  3469 | D:4      | Found a shimmering altar of Xom.
  3469 | D:4      | Found a shattered altar of Ashenzari.
  3469 | D:4      | Found a glowing silver altar of Zin.
  3585 | D:4      | Reached skill level 4 in Conjurations
  3737 | D:5      | Entered Level 5 of the Dungeon
  3816 | D:5      | Reached XP level 7. HP: 27/35 MP: 14/14
  4112 | D:5      | Reached skill level 5 in Conjurations
  4381 | D:5      | Reached skill level 5 in Spellcasting
  4381 | D:5      | Gained mutation: You have razor-sharp teeth. [Vine Stalker
                  | growth]
  4381 | D:5      | Reached XP level 8. HP: 40/40 MP: 16/16
  4769 | D:6      | Reached skill level 6 in Conjurations
  5062 | D:6      | Found a staircase to the Ecumenical Temple.
  5080 | Temple   | Entered the Ecumenical Temple
  5146 | Temple   | Became a worshipper of Cheibriados the Contemplative
  5379 | D:6      | Found a deep blue altar of Sif Muna.
  5458 | D:7      | Reached skill level 7 in Conjurations
  5458 | D:7      | Reached XP level 9. HP: 46/46 MP: 18/18
  6349 | D:7      | Noticed a two-headed ogre
  6363 | D:7      | Slain by a two-headed ogre

Skill      XL: |  1  2  3  4  5  6  7  8  9 |
---------------+----------------------------+-----
Conjurations   | 2 3 4 5 7 |  7.7
Fighting       | 1 2 3 4 |  4.7
Dodging        | 2 |  2.4
Spellcasting   | 4 5 6 |  6.3
Shields        | 1 2 3 4 |  4.2
Stealth        | |  2.4
Summonings     | |  1.0
Translocations | |  1.0

Action                   |  1- 3 |  4- 6 |  7- 9 || total
-------------------------+-------+-------+-------++-------
Melee: Dagger            |    25 |    49 |       ||    74
       Unarmed           |     2 |       |       ||     2
       Bite              |     4 |    15 |    29 ||    48
       Trident           |       |    37 |   189 ||   226
 Cast: Magic Dart        |    67 |   129 |   161 ||   357
       Mephitic Cloud    |       |     4 |     4 ||     8
       Blink             |       |     2 |     1 ||     3
       Conjure Flame     |       |     1 |     8 ||     9
  Use: Scroll            |       |     1 |       ||     1
 Stab: Sleeping          |     5 |     2 |     1 ||     8
       Confused          |       |     1 |     2 ||     3
  Eat: Chunk             |     1 |     8 |     8 ||    17
Armor: Robe              |     6 |    20 |    34 ||    60
Dodge: Dodged            |    20 |    62 |   125 ||   207
